 Dungeon Crawl Stone Soup version 0.19.0-19-g8c6edcc (webtiles) character file.

27 Daunt the Changer (level 3, 0/31 HPs)
             Began as a Naga Transmuter on Nov 13, 2016.
             Slain by Terence
             ... wielding a +2 vampiric trident
              (3 damage)
             ... on level 2 of the Dungeon.
             The game lasted 00:03:29 (1280 turns).

Daunt the Changer (Naga Transmuter)                 Turns: 1280, Time: 00:03:30

Health: 0/31       AC:  2    Str: 12    XL:     3   Next: 10%
Magic:  6/6        EV: 10    Int: 14    God:
Gold:   57         SH:  0    Dex: 11    Spells: 2 memorised, 2 levels left

rFire  . . .     SeeInvis +       - Unarmed
rCold  . . .     Gourm    .     b - +0 robe
rNeg   . . .     Faith    .     (no shield)
rPois  +         Spirit   .     (no helmet)
rElec  .         Reflect  .     (no cloak)
rCorr  .         Harm     .     (no gloves)
MR     .....     Rnd*Tele +     (no barding)
Stlth  +.........               (no amulet)
                                (no ring)
                                e - ring of teleportation (curse)

@: short of breath, very slow
A: see invisible, deformed body, poison resistance, slowness 2, slow metabolism
1, spit poison 1, AC +1
a: Spit Poison


You were on level 2 of the Dungeon.
You were not hungry.

You visited 1 branch of the dungeon, and saw 2 of its levels.

You collected 57 gold pieces.

Inventory:

Missiles
 a - 12 arrows
 k - a stone (quivered)
Armour
 b - a +0 robe (worn)
 i - a +0 leather armour
Jewellery
 e - a cursed ring of teleportation (left hand)
Scrolls
 j - a scroll of identify {unknown}
 l - a scroll of remove curse {unknown}
Potions
 h - a potion of magic {unknown}
Books
 c - a book of Changes

   Spells                             Type                      Level
   a - Beastly Appendage              Transmutation                1
   b - Sticks to Snakes               Transmutation                2
   c - Spider Form                    Transmutation/Poison         3
   d - Ice Form                       Ice/Transmutation            4
   e - Blade Hands                    Transmutation                5
Comestibles
 d - a bread ration
 f - 2 beef jerkies
 g - 2 chunks of flesh


   Skills:
 - Level 1.0 Fighting
 - Level 1.5 Dodging
 - Level 3.0 Unarmed Combat
 - Level 2.0 Spellcasting
 + Level 3.4 Transmutations
 + Level 0.3 Poison Magic


You had 2 spell levels left.
You knew the following spells:

 Your Spells              Type           Power        Failure   Level  Hunger
a - Beastly Appendage     Tmut           ##....       10%         1    ##.....
b - Spider Form           Tmut/Pois      #.........   38%         3    ####...


Dungeon Overview and Level Annotations

Branches:
Dungeon (2/15)

Altars:

Annotations:
D:2 Terence


Innate Abilities, Weirdness & Mutations

You cannot wear boots.
Your serpentine skin is tough. (AC +1)
You have supernaturally acute eyesight. (SInv)
Armour fits poorly on your strangely shaped body.
Your system is resistant to poisons. (rPois)
You cover ground very slowly.
You have a slow metabolism.
You can spit poison.


Message History

Terence is severely wounded.
You hit Terence but do no damage.
Terence is severely wounded.
Terence looks more healthy.
Terence closely misses you.
You hit Terence but do no damage.
Terence is severely wounded.
Terence barely misses you.
Press: ? - help, Shift-Dir - straight line, f/p - Terence
Aim: Terence, wielding a vampiric trident and wearing a ring mail (severely wounded)
The splash of poison hits Terence.
Terence is almost dead.
You feel slightly more hungry. Terence barely misses you.
You hit Terence but do no damage.
Terence is almost dead.
Terence hits you with a vampiric trident!
* * * LOW HITPOINT WARNING * * *
You hit Terence.
Terence is almost dead.
Terence hits you with a vampiric trident.
You die...

##+## # ##...## .#
##.....## @.
##.......## .#.#
#.........####....#
+........@@.......#
#.........####....#
##.......## .#.#
##..<..## # ##...##
##+##


You could see Terence.

Vanquished Creatures
  A leopard gecko (D:1)
  5 bats (D:1)
  A giant cockroach (D:1)
  7 goblins
  A hobgoblin (D:1)
  3 kobolds (D:1)
  A frilled lizard (D:1)
  4 rats (D:1)
23 creatures vanquished.

Notes
Turn   | Place    | Note
-------+----------+-------------------------------------------
     0 | D:1      | Daunt the Naga Transmuter began the quest for the Orb.
     0 | D:1      | Reached XP level 1. HP: 18/18 MP: 3/3
   228 | D:1      | Reached XP level 2. HP: 20/25 MP: 5/5
  1139 | D:1      | Reached XP level 3. HP: 23/31 MP: 6/6
  1144 | D:1      | Learned a level 3 spell: Spider Form
  1266 | D:2      | Noticed Terence
  1280 | D:2      | Slain by Terence

Skill      XL: |  1  2 |
---------------+-------+-----
Transmutations | 3 |  3.4
Fighting       | |  1.0
Dodging        | |  1.5
Unarmed Combat | |  3.0
Spellcasting   | |  2.0
Poison Magic   | |  0.3

Action                   || total
-------------------------++-------
Melee: Unarmed           ||    89
 Abil: Spit Poison       ||     3
 Stab: Sleeping          ||     2
Armor: Robe              ||    10
Dodge: Dodged            ||    53
